[ AOE2 MATCH · #507051893 ]
UnrankedPoles vs Romans
Player's team · WIN
Rival team · LOSS
[ REPLAY ANALYSIS · EXTRACTED FROM THE RECORDED GAME ]
Feudal
10:35
Castle
16:28
Imperial
30:36
| APM avg | 68.5 |
| APM peak | 108 |
| eAPM avg | 37.3 |
| Villagers / military | 109 / 82 |
Focus
⚔️ 20.2% · 🌾 79.8%
Knight ×40 · Archer ×23 · Obuch ×8 · Battering Ram ×4 · Trebuchet (Packed) ×4 · Monk ×3
Feudal
8:57
Castle
20:51
Imperial
28:17
| APM avg | 35.9 |
| APM peak | 82 |
| eAPM avg | 21.6 |
| Villagers / military | 104 / 62 |
Focus
⚔️ 31.5% · 🌾 68.5%
Spearman ×44 · Centurion ×9 · Trebuchet (Packed) ×7 · Monk ×2
Match map
Initial resources + every placement click. Lines = walls · curves = elevation contours. ◆ gold · ⬟ stone · ● berries · ✦ relic · ◌ wall gap
Your base· ✓ Closed at 16:28 · 19t walls · 3 gate(s)
FC | SomeHumblePie's base· ✓ Closed at 20:51 · 10t walls · 3 gate(s)
Smoothed initial terrain · ◌ = detected wall gap · hover for details
Inputs per minute
— Platypus - - FC | SomeHumblePie
Build order — Platypus
First 150 of 338 actions detected
| 0:01 | Queue | Villager (Male) |
| 0:02 | Build | House |
| 0:02 | Build | House |
| 0:08 | Queue | Villager (Male) |
| 0:09 | Queue | Villager (Male) |
| 0:14 | Queue | Villager (Male) |
| 1:20 | Build | Lumber Camp |
| 1:32 | Queue | Villager (Male) |
| 1:32 | Queue | Villager (Male) |
| 1:32 | Queue | Villager (Male) |
| 2:08 | Queue | Villager (Male) |
| 2:30 | Queue | Villager (Male) |
| 2:30 | Queue | Villager (Male) |
| 2:35 | Queue | Villager (Male) |
| 2:35 | Queue | Villager (Male) |
| 2:49 | Queue | Villager (Male) |
| 3:05 | Queue | Villager (Male) |
| 3:39 | Queue | Villager (Male) |
| 3:50 | Queue | Villager (Male) |
| 4:06 | Queue | Villager (Male) |
| 4:13 | Build | House |
| 4:43 | Queue | Villager (Male) |
| 4:51 | Build | Mill |
| 5:00 | Build | Mill |
| 5:04 | Queue | Villager (Male) |
| 5:33 | Build | House |
| 5:36 | Queue | Villager (Male) |
| 5:45 | Build | House |
| 6:00 | Queue | Villager (Male) |
| 6:29 | Queue | Villager (Male) |
| 6:39 | Build | Farm |
| 6:42 | Build | Farm |
| 6:47 | Build | Farm |
| 6:48 | Queue | Villager (Male) |
| 7:23 | Queue | Villager (Male) |
| 7:39 | Queue | Villager (Male) |
| 7:43 | Build | Mining Camp |
| 8:09 | Research | Feudal Age |
| 8:52 | Queue | Villager (Male) |
| 9:08 | Build | House |
| 9:16 | Build | Palisade Wall |
| 9:20 | Build | Palisade Wall |
| 9:23 | Build | Palisade Wall |
| 9:27 | Research | Loom |
| 9:27 | Research | Loom |
| 9:50 | Build | Palisade Wall |
| 9:55 | Queue | Villager (Male) |
| 9:59 | Build | Mining Camp |
| 10:07 | Build | Palisade Wall |
| 10:32 | Queue | Villager (Male) |
| 10:35 | Age | Feudal Age |
| 10:40 | Build | Watch Tower |
| 11:00 | Build | Market |
| 11:27 | Queue | Villager (Male) |
| 11:46 | Build | House |
| 11:55 | Queue | Villager (Male) |
| 11:59 | Build | Watch Tower |
| 12:14 | Build | House |
| 12:27 | Queue | Villager (Male) |
| 12:51 | Build | Blacksmith |
| 12:54 | Queue | Villager (Male) |
| 13:48 | Research | Castle Age |
| 13:49 | Research | Castle Age |
| 14:14 | Queue | Villager (Male) |
| 14:52 | Research | Double-Bit Axe |
| 14:52 | Research | Double-Bit Axe |
| 15:12 | Research | Horse Collar |
| 15:32 | Build | Farm |
| 16:20 | Queue | Villager (Male) |
| 16:28 | Age | Castle Age |
| 16:31 | Build | Castle |
| 16:44 | Build | Barracks |
| 16:48 | Build | Monastery |
| 16:56 | Queue | Villager (Male) |
| 16:59 | Research | Bow Saw |
| 17:23 | Build | Farm |
| 17:30 | Build | Farm |
| 17:33 | Queue | Monk |
| 17:40 | Queue | Obuch |
| 17:41 | Queue | Obuch |
| 17:53 | Build | Farm |
| 17:58 | Queue | Villager (Male) |
| 18:04 | Build | Farm |
| 18:14 | Build | Farm |
| 18:16 | Queue | Monk |
| 18:32 | Queue | Obuch |
| 18:39 | Build | Farm |
| 18:44 | Build | Farm |
| 19:04 | Queue | Obuch |
| 19:09 | Build | Siege Workshop |
| 19:30 | Queue | Villager (Male) |
| 19:33 | Build | Town Center |
| 19:43 | Queue | Villager (Male) |
| 19:44 | Build | Farm |
| 20:02 | Queue | Battering Ram |
| 20:02 | Queue | Battering Ram |
| 20:13 | Queue | Villager (Male) |
| 20:19 | Queue | Obuch |
| 20:28 | Queue | Obuch |
| 20:37 | Build | Farm |
| 20:38 | Queue | Villager (Male) |
| 20:38 | Queue | Villager (Male) |
| 20:54 | Queue | Villager (Male) |
| 20:59 | Build | Mill |
| 21:01 | Build | Farm |
| 21:06 | Queue | Battering Ram |
| 21:24 | Queue | Villager (Male) |
| 21:24 | Queue | Villager (Male) |
| 21:26 | Build | Farm |
| 21:27 | Build | Farm |
| 21:28 | Queue | Villager (Male) |
| 21:28 | Queue | Villager (Male) |
| 21:42 | Queue | Villager (Male) |
| 22:17 | Queue | Villager (Male) |
| 22:18 | Queue | Villager (Male) |
| 22:18 | Queue | Villager (Male) |
| 22:19 | Build | Farm |
| 22:20 | Build | Farm |
| 22:34 | Queue | Villager (Male) |
| 22:37 | Build | Farm |
| 22:37 | Queue | Villager (Male) |
| 22:38 | Queue | Villager (Male) |
| 22:38 | Queue | Villager (Male) |
| 22:39 | Build | Farm |
| 22:42 | Research | Wheelbarrow |
| 22:42 | Research | Wheelbarrow |
| 22:56 | Queue | Villager (Male) |
| 22:59 | Build | Farm |
| 23:07 | Queue | Monk |
| 23:24 | Queue | Villager (Male) |
| 23:28 | Queue | Villager (Male) |
| 23:28 | Queue | Villager (Male) |
| 23:29 | Queue | Villager (Male) |
| 24:01 | Queue | Battering Ram |
| 24:03 | Queue | Villager (Male) |
| 24:03 | Queue | Villager (Male) |
| 24:04 | Queue | Villager (Male) |
| 24:13 | Queue | Villager (Male) |
| 24:14 | Queue | Villager (Male) |
| 24:21 | Build | Town Center |
| 24:23 | Queue | Villager (Male) |
| 24:33 | Queue | Villager (Male) |
| 24:34 | Queue | Villager (Male) |
| 24:41 | Queue | Villager (Male) |
| 24:54 | Queue | Villager (Male) |
| 24:55 | Queue | Villager (Male) |
| 25:09 | Queue | Villager (Male) |
| 25:12 | Queue | Villager (Male) |
| 25:24 | Build | Lumber Camp |
| 25:26 | Queue | Villager (Male) |
Build order — FC | SomeHumblePie
First 150 of 257 actions detected
| 0:00 | Queue | Villager (Male) |
| 0:01 | Queue | Villager (Male) |
| 0:01 | Queue | Villager (Male) |
| 0:02 | Build | House |
| 0:04 | Build | House |
| 0:54 | Queue | Villager (Male) |
| 1:35 | Queue | Villager (Male) |
| 1:37 | Queue | Villager (Male) |
| 2:11 | Queue | Villager (Male) |
| 2:23 | Queue | Villager (Male) |
| 2:27 | Build | Lumber Camp |
| 2:35 | Build | Lumber Camp |
| 2:49 | Queue | Villager (Male) |
| 3:04 | Build | House |
| 3:39 | Queue | Villager (Male) |
| 3:39 | Queue | Villager (Male) |
| 3:39 | Queue | Villager (Male) |
| 4:09 | Queue | Villager (Male) |
| 4:34 | Build | Mining Camp |
| 4:39 | Queue | Villager (Male) |
| 4:39 | Queue | Villager (Male) |
| 5:14 | Queue | Villager (Male) |
| 5:14 | Queue | Villager (Male) |
| 5:14 | Queue | Villager (Male) |
| 5:14 | Queue | Villager (Male) |
| 5:53 | Queue | Villager (Male) ×5 |
| 6:47 | Research | Feudal Age |
| 7:12 | Research | Loom |
| 7:29 | Build | House |
| 7:34 | Build | Mill |
| 8:19 | Build | House |
| 8:22 | Build | House |
| 8:47 | Build | House |
| 8:49 | Build | House |
| 8:57 | Age | Feudal Age |
| 9:02 | Build | Watch Tower |
| 9:06 | Queue | Villager (Male) |
| 9:18 | Queue | Villager (Male) |
| 9:19 | Queue | Villager (Male) |
| 9:19 | Queue | Villager (Male) |
| 9:40 | Research | Double-Bit Axe |
| 10:27 | Queue | Villager (Male) |
| 11:06 | Queue | Villager (Male) |
| 11:10 | Build | Blacksmith |
| 11:14 | Queue | Villager (Male) |
| 11:14 | Queue | Villager (Male) |
| 11:16 | Queue | Villager (Male) |
| 11:50 | Build | Palisade Wall |
| 11:51 | Build | Palisade Wall |
| 11:51 | Build | Palisade Wall |
| 11:51 | Build | Palisade Wall |
| 11:51 | Build | Palisade Wall |
| 11:52 | Build | Palisade Wall |
| 11:52 | Build | Palisade Wall |
| 11:52 | Build | Palisade Wall |
| 11:53 | Build | Palisade Wall |
| 11:53 | Build | Palisade Wall |
| 12:14 | Build | Watch Tower |
| 12:15 | Queue | Villager (Male) |
| 12:16 | Queue | Villager (Male) |
| 12:16 | Queue | Villager (Male) |
| 12:25 | Queue | Villager (Male) |
| 12:29 | Research | Horse Collar |
| 12:57 | Queue | Villager (Male) |
| 13:12 | Build | Watch Tower |
| 13:22 | Build | Watch Tower |
| 13:27 | Build | Mill |
| 13:37 | Queue | Villager (Male) |
| 13:37 | Queue | Villager (Male) |
| 13:39 | Build | Farm |
| 13:41 | Build | Farm |
| 14:05 | Build | Outpost |
| 14:06 | Build | Outpost |
| 14:07 | Build | Outpost |
| 14:08 | Build | Outpost |
| 14:09 | Build | Outpost |
| 14:10 | Build | Outpost |
| 14:11 | Queue | Villager (Male) |
| 14:11 | Queue | Villager (Male) |
| 14:13 | Build | Farm |
| 14:15 | Queue | Villager (Male) |
| 14:29 | Build | Farm |
| 14:34 | Queue | Villager (Male) |
| 14:56 | Build | Farm |
| 14:57 | Queue | Villager (Male) |
| 14:57 | Queue | Villager (Male) |
| 14:57 | Queue | Villager (Male) |
| 15:11 | Build | House |
| 15:12 | Build | House |
| 15:16 | Research | Town Watch |
| 15:22 | Research | Wheelbarrow |
| 15:25 | Queue | Villager (Male) |
| 15:25 | Queue | Villager (Male) |
| 15:26 | Queue | Villager (Male) |
| 15:27 | Queue | Villager (Male) |
| 15:34 | Queue | Villager (Male) |
| 15:45 | Build | Farm |
| 15:55 | Build | Farm |
| 15:58 | Build | Farm |
| 16:25 | Build | Farm |
| 16:31 | Build | Farm |
| 16:52 | Build | Farm |
| 17:13 | Build | Farm |
| 17:32 | Build | Market |
| 17:34 | Queue | Villager (Male) |
| 17:57 | Build | House |
| 17:58 | Build | House |
| 18:05 | Research | Castle Age |
| 18:46 | Build | House |
| 18:50 | Build | Palisade Wall |
| 18:56 | Build | House |
| 18:58 | Build | House |
| 18:59 | Build | Palisade Wall |
| 19:04 | Build | Palisade Gate |
| 19:47 | Build | Farm |
| 20:05 | Build | Mining Camp |
| 20:10 | Queue | Villager (Male) |
| 20:11 | Queue | Villager (Male) |
| 20:16 | Queue | Villager (Male) |
| 20:16 | Queue | Villager (Male) |
| 20:21 | Build | Lumber Camp |
| 20:23 | Queue | Villager (Male) |
| 20:24 | Queue | Villager (Male) |
| 20:51 | Age | Castle Age |
| 20:53 | Research | Bow Saw |
| 20:55 | Research | Heavy Plow |
| 20:58 | Research | Gold Mining |
| 21:00 | Research | Stone Mining |
| 21:40 | Queue | Villager (Male) |
| 22:18 | Queue | Villager (Male) |
| 23:25 | Build | Castle |
| 23:48 | Build | House |
| 23:50 | Build | Palisade Wall |
| 24:14 | Build | Farm |
| 24:15 | Build | Farm |
| 24:17 | Queue | Villager (Male) |
| 24:25 | Build | Mill |
| 24:29 | Build | Barracks |
| 24:34 | Queue | Villager (Male) |
| 24:40 | Build | Palisade Wall |
| 24:51 | Queue | Centurion |
| 24:53 | Research | Imperial Age |
| 24:55 | Build | Farm |
| 25:03 | Build | Mining Camp |
| 25:16 | Build | Stone Wall |
| 25:27 | Build | Farm |
| 25:40 | Queue | Centurion ×3 |
| 25:53 | Build | House |
| 25:54 | Build | House |
| 25:55 | Build | House |
Match timeline
| 8:57 | FC | SomeHumblePie · age_up feudal |
| 9:16 | Platypus · wall_segment Palisade Wall x7 |
| 9:20 | Platypus · wall_segment Palisade Wall x5 |
| 9:23 | Platypus · wall_segment Palisade Wall x4 |
| 9:50 | Platypus · wall_segment Palisade Wall x1 |
| 10:07 | Platypus · wall_segment Palisade Wall x2 |
| 10:35 | Platypus · age_up feudal |
| 11:50 | FC | SomeHumblePie · wall_segment Palisade Wall x2 |
| 11:51 | FC | SomeHumblePie · wall_segment Palisade Wall x1 |
| 11:51 | FC | SomeHumblePie · wall_segment Palisade Wall x1 |
| 11:51 | FC | SomeHumblePie · wall_segment Palisade Wall x1 |
| 11:51 | FC | SomeHumblePie · wall_segment Palisade Wall x1 |
| 11:52 | FC | SomeHumblePie · wall_segment Palisade Wall x1 |
| 11:52 | FC | SomeHumblePie · wall_segment Palisade Wall x1 |
| 11:52 | FC | SomeHumblePie · wall_segment Palisade Wall x2 |
| 11:53 | FC | SomeHumblePie · wall_segment Palisade Wall x1 |
| 11:53 | FC | SomeHumblePie · wall_segment Palisade Wall x1 |
| 13:30 | Platypus · first_market_buy 100 food |
| 13:48 | Platypus · first_market_sell 100 wood |
| 16:28 | Platypus · age_up castle |
| 16:31 | Platypus · first_building Castle |
| 16:44 | Platypus · first_building Barracks |
| 16:48 | Platypus · first_building Monastery |
| 18:50 | FC | SomeHumblePie · wall_segment Palisade Wall x1 |
| 18:59 | FC | SomeHumblePie · wall_segment Palisade Wall x1 |
| 19:09 | Platypus · first_building Siege Workshop |
| 20:51 | FC | SomeHumblePie · age_up castle |
| 23:25 | FC | SomeHumblePie · first_building Castle |
| 23:50 | FC | SomeHumblePie · wall_segment Palisade Wall x1 |
| 24:29 | FC | SomeHumblePie · first_building Barracks |
| 24:40 | FC | SomeHumblePie · wall_segment Palisade Wall x1 |
| 25:16 | FC | SomeHumblePie · wall_segment Stone Wall x1 |
| 28:06 | Platypus · first_building Stable |
| 28:17 | FC | SomeHumblePie · age_up imperial |
| 28:58 | FC | SomeHumblePie · first_building Monastery |
| 30:36 | Platypus · age_up imperial |
| 31:41 | Platypus · first_building Archery Range |
| 38:44 | FC | SomeHumblePie · resign |
[ AI ANALYSIS · 1 CREDIT ]
What really happened in this match?
Wolo.gg analyzes every decision: build order, eco, micro, common mistakes by bracket. Personalized analysis on WhatsApp or Discord in 30 seconds.
Civ guide
Poles
Perfil
Jugador #2800935